Map: Lerilak Crest

Players

lIlIlIlIlIlI (Neeb) - Winner!

  • Race: Protoss Protoss
  • League: Master

AcerBly (Bly)

  • Race: Zerg Zerg
  • League: Diamond

Event: Team Gravity's Fight Night #36

VOD

https://youtu.be/843jdf6c29Q?t=55m40s

Description

Time

  • Played on: Oct. 25, 2015, 6:20 p.m.
  • Length: 11:41

All games in this series

Show
View Real Time Build Order
Export as new Build Order

lIlIlIlIlIlI Protoss - Winner!

Build Orders: 1 Gate Expand, Oracle Opening 

Get SALT Encoding   

  12  0:01  Probe (Chrono Boost)  
  13  0:11  Probe (Chrono Boost)  
  14  0:18  Pylon  
  14  0:22  Probe (Chrono Boost)  
  15  0:36  Probe (Chrono Boost)  
  15  0:37  Gateway  
  16  0:46  Probe (Chrono Boost)  
  18  0:57  Probe (Chrono Boost)  
  18  1:07  Probe (Chrono Boost)  
  19  1:15  Nexus  
  19  1:25  Cybernetics Core  
  19  1:27  Probe (Chrono Boost)  
  20  1:33  Assimilator  
  20  1:36  Assimilator  
  20  1:38  Probe (Chrono Boost)  
  21  1:49  Pylon  
  21  1:50  Probe (Chrono Boost)  
  22  2:00  Probe (Chrono Boost)  
  23  2:07  Adept (Chrono Boost)  
  25  2:11  Probe  
  25  2:15  Warp Gate  
  26  2:23  Probe (Chrono Boost)  
  26  2:27  Probe (Chrono Boost)  
  27  2:30  Stalker  
  27  2:35  Probe (Chrono Boost)  
  30  2:38  Probe (Chrono Boost)  
  31  2:45  Probe (Chrono Boost)  
  31  2:49  Probe (Chrono Boost)  
  33  2:55  Stargate  
  33  2:56  Probe (Chrono Boost)  
  34  2:59  Probe (Chrono Boost)  
  35  3:07  Probe (Chrono Boost)  
  35  3:10  Probe (Chrono Boost)  
  37  3:17  Probe (Chrono Boost)  
  38  3:21  Probe (Chrono Boost), Gateway  
  38  3:23  Gateway  
  39  3:28  Probe (Chrono Boost)  
  39  3:30  Pylon  
  39  3:31  Probe (Chrono Boost)  
  41  3:38  Probe (Chrono Boost), Oracle (Chrono Boost)  
  41  3:40  Probe  
  45  3:47  Robotics Facility, Assimilator  
  46  3:50  Probe x2  
  46  3:51  Assimilator  
  48  3:57  Pylon  
  48  3:59  Pylon  
  48  4:01  Probe  
  48  4:02  Probe  
  50  4:11  Probe, Oracle (Chrono Boost)  
  50  4:15  Probe  
  55  4:18  Pylon  
  55  4:22  Probe  
  54  4:27  Probe  
  55  4:33  Probe  
  56  4:39  Probe  
  56  4:43  Probe, Observer, Forge  
  59  4:45  Sentry  
  59  4:46  Sentry  
  59  4:47  Adept  
  65  4:53  Probe  
  65  4:54  Mothership Core  
  68  5:05  Probe  
  70  5:12  Nexus, Robotics Bay  
  69  5:14  Probe, Pylon  
  69  5:17  Probe  
  69  5:19  Pylon  
  69  5:20  Protoss Ground Weapons Level 1 (Chrono Boost)  
  71  5:24  Gateway  
  71  5:25  Gateway  
  71  5:26  Probe  
  71  5:28  Observer  
  73  5:29  Probe  
  74  5:38  Probe  
  74  5:41  Probe  
  76  5:43  Stalker x3  
  82  5:50  Probe  
  82  5:51  Pylon  
  82  5:54  Probe  
  84  5:59  Disruptor  
  84  6:02  Probe, Pylon  
  88  6:05  Gateway  
  88  6:06  Gateway  
  88  6:07  Gateway  
  88  6:08  Probe  
  89  6:14  Probe  
  89  6:16  Twilight Council  
  90  6:24  Pylon  
  90  6:25  Probe  
  90  6:26  Probe, Pylon  
  90  6:27  Probe  
  90  6:29  Assimilator  
  93  6:33  Assimilator  
  93  6:35  Stalker x2  
  93  6:37  Disruptor  
  100  6:55  Blink (Chrono Boost)  
  100  7:02  Stalker x2  
  100  7:05  Protoss Ground Weapons Level 2 (Chrono Boost)  
  104  7:10  Disruptor  
  104  7:11  Stalker x2  
  104  7:13  Pylon  
  104  7:14  Pylon  
  111  7:20  Pylon x3  
  111  7:34  Stalker  
  111  7:35  Stalker x4  
  121  7:42  Stalker x2  
  125  7:47  Stalker  
  127  8:04  Stalker x5  
  135  8:14  Disruptor  
  135  8:17  Stalker x3  
  141  8:31  Stalker x4  
  147  8:45  Disruptor  
  147  8:49  Nexus  
  147  8:51  Pylon  
  150  9:08  Stalker x2  
  150  9:09  Stalker x4  
  162  9:12  Photon Cannon  
  162  9:13  Photon Cannon  
  162  9:16  Disruptor, Photon Cannon  
  162  9:18  Assimilator  
  162  9:21  Robotics Facility  
  162  9:22  Assimilator  
  165  9:47  Disruptor  
  164  9:55  Stalker x4  
  172  10:16  Disruptor  
  172  10:18  Disruptor  
  174  10:36  Stalker x7  
  174  10:37  Stalker  
  188  10:51  Disruptor x2  
  170  11:19  Stalker x3  
  170  11:20  Stalker x5  
Show
View Real Time Build Order
Export as new Build Order

AcerBly Zerg 

Build Orders: Hatch First, Lurkers 

Get SALT Encoding   

  12  0:01  Drone  
  13  0:12  Overlord  
  13  0:17  Drone  
  14  0:30  Drone  
  14  0:31  Drone  
  16  0:38  Drone  
  17  0:53  Hatchery  
  16  0:57  Drone  
  16  0:58  Drone  
  18  1:12  Spawning Pool  
  18  1:13  Drone  
  18  1:17  Drone  
  19  1:31  Drone  
  20  1:42  Hatchery  
  19  1:49  Overlord  
  19  2:01  Queen  
  19  2:02  Zergling x2  
  19  2:05  Zergling x2  
  19  2:07  Queen  
  25  2:14  Drone x2  
  27  2:21  Drone x2  
  29  2:29  Drone  
  30  2:36  Drone, Queen  
  31  2:40  Overlord  
  31  2:43  Drone  
  34  2:49  Drone  
  35  2:54  Overlord  
  35  2:56  Overlord  
  35  3:01  Overlord  
  35  3:03  Queen  
  37  3:06  Drone  
  38  3:16  Drone x2  
  38  3:17  Drone x3  
  43  3:22  Drone x2, Extractor  
  43  3:23  Extractor  
  43  3:28  Drone x3  
  43  3:33  Drone  
  43  3:34  Drone  
  48  3:36  Overlord  
  47  3:42  Overlord  
  47  3:44  Drone  
  47  3:47  Overlord  
  48  3:49  Extractor  
  48  3:50  Extractor  
  48  3:51  Drone x2  
  48  3:52  Drone  
  48  3:55  Drone x2  
  51  4:00  Spore Crawler  
  51  4:01  Drone  
  51  4:02  Drone  
  52  4:05  Overlord  
  51  4:14  Drone x2  
  51  4:15  Drone x3  
  54  4:17  Drone  
  54  4:21  Overlord  
  55  4:25  Spore Crawler  
  55  4:29  Overlord  
  55  4:31  Drone x2  
  52  4:42  Drone x5  
  52  4:43  Drone x2  
  56  4:51  Drone x2  
  56  4:52  Drone  
  57  4:59  Overlord  
  57  5:02  Drone x2  
  58  5:07  Spore Crawler  
  58  5:09  Drone x2  
  58  5:10  Drone  
  60  5:17  Metabolic Boost  
  60  5:21  Roach Warren  
  60  5:26  Zergling x8  
  60  5:27  Spore Crawler  
  62  5:50  Drone  
  62  5:51  Drone  
  62  5:52  Lair  
  62  5:57  Overlord  
  64  6:10  Roach x14  
  92  6:14  Overlord  
  92  6:18  Overlord  
  91  6:20  Overlord  
  91  6:22  Extractor x2  
  91  6:24  Evolution Chamber x2  
  87  6:30  Roach  
  87  6:31  Roach x3  
  87  6:32  Roach  
  95  6:56  Roach  
  95  6:57  Roach x11  
  117  7:03  Queen  
  117  7:08  Glial Reconstitution  
  119  7:22  Ravager x11  
  130  7:25  Drone x9  
  139  7:35  Drone x4  
  143  7:38  Overlord  
  143  7:41  Overlord  
  141  7:58  Overlord  
  105  8:23  Drone x5  
  105  8:24  Hydralisk Den  
  107  8:29  Roach  
  107  8:30  Roach x7  
  120  8:41  Roach  
  120  8:42  Roach x2  
  120  8:44  Queen x2  
  120  8:45  Queen  
  129  8:49  Ravager x7  
  124  9:05  Roach  
  124  9:06  Lurker Den  
  124  9:07  Drone  
  124  9:08  Drone x8  
  133  9:18  Roach x6  
  133  9:20  Queen x2  
  149  9:28  Hydralisk x7  
  141  9:48  Roach  
  141  9:49  Roach x5  
  147  9:56  Zergling x2  
  147  9:57  Queen x3  
  154  10:07  Overlord x8  
  154  10:12  Evolution Chamber  
  154  10:13  Hatchery, Evolution Chamber  
  129  10:37  Lurker x7  
  129  10:38  Roach x14  
  154  10:51  Roach x3  
  99  11:14  Roach x7  
  99  11:15  Roach x6  
  125  11:21  Extractor  

Tags
 
Add a new tag
Caveats
  • Supply blocks, unpowered buildings, or Contaminate may cause inaccurate times.
  • Supply counts are checked every 10 seconds.